 Dungeon Crawl Stone Soup version 0.29-a0-887-gcbe080d7e0 (webtiles) character file.

Game seed: 6839129745775340082

14 zeratav the Stinger (level 2, -1/17 HPs)
             Began as an Octopode Venom Mage on July 21, 2022.
             Slain by a worm (11 damage)
             ... on level 1 of the Dungeon.
             The game lasted 00:00:55 (912 turns).

zeratav the Stinger (Octopode Venom Mage)            Turns: 912, Time: 00:00:55

Health: -1/17      AC:  1    Str:  7    XL:     2   Next: 45%
Magic:  5/5        EV: 13    Int: 17    God:
Gold:   59         SH:  0    Dex: 12    Spells: 4/5 levels left

rFire   . . .      SeeInvis .   f - +0 club {mace}
rCold   . . .      Faith    .   (no shield)
rNeg    . . .      Spirit   .   (helmet restricted)
rPois   .          Reflect  .   (no amulet)
rElec   .          Harm     .   g - ring of wizardry
rCorr   .          Rampage  .   (no ring)
Will    .....                   (no ring)
Stlth   +++.......              (no ring)
HPRegen 0.05/turn               (no ring)
MPRegen 0.09/turn               (no ring)
                                (no ring)
                                (no ring)

@: no status effects
A: almost no armour, amphibious, 8 rings, camouflage 1, gelatinous body 1,
(nimble swimmer 1), tentacles
a: no special abilities


You were on level 1 of the Dungeon.
You visited 1 branch of the dungeon, and saw 2 of its levels.

You collected 59 gold pieces.


Innate Abilities, Weirdness & Mutations

You cannot wear most types of armour.
You are amphibious.
You can wear up to eight rings at the same time.
Your skin changes colour to match your surroundings (Stealth+).
Your rubbery body absorbs attacks. (AC +1, EV +1)
((You are camouflaged when in or above water. (Stealth+)))
You have tentacles for arms and can constrict up to eight enemies at once.


   Skills:
 - Level 2.0 Dodging
 + Level 3.6 Stealth
 - Level 2.0 Spellcasting
 - Level 1.0 Transmutations
 + Level 4.1 Poison Magic


You had 4 spell levels left.
You knew the following spells:

 Your Spells              Type           Power      Damage    Failure   Level
a - Sting                 Tmut/Pois      40%        1d5       2%          1

Your spell library contained the following spells:

 Spells                   Type           Power      Damage    Failure   Level
 Poisonous Vapours        Pois/Air       16%        N/A       5%          2
 Sublimation of Blood     Necr           1%         N/A       12%         2
 Mephitic Cloud           Conj/Pois/Air  6%         N/A       13%         3
 Olgreb's Toxic Radiance  Pois           15%        N/A       14%         4
 Petrify                  Tmut/Erth      3%         N/A       50%         4
 Irradiate                Conj/Tmut      1%         3d12      83%         5

Inventory:

Hand Weapons
 f - a +0 club (weapon) {mace}
   (You took it off a goblin on level 1 of the Dungeon)
Jewellery
 g - a ring of wizardry (left tentacle)
   (You found it on level 1 of the Dungeon)
Scrolls
 b - a scroll of fear {unknown}
 d - 2 scrolls of teleportation {unknown}
 e - 2 scrolls of fog {unknown}
 j - a scroll of identify {unknown}
Potions
 a - a potion of magic
 c - 2 potions of heal wounds {unknown}
 h - a potion of invisibility {unknown}
 i - a potion of ambrosia {unknown}

Dungeon Overview and Level Annotations

Branches:
Dungeon (2/15) Zot: 11084

Altars:

#.##.......# ##.#
#.##.......# #.#
#.##.......# #.#
##.##.......# ##.#
...##.......# #..#
.##############
#.##
.##########...###.#
........##.###.##w#
..#####.##.#...w@.#
..# #.##.#.#.####
..# #.###...## #.#
#......##
#.#####.######
........# #########


You could see 2 worms.


Message History

The sting hits the quokka.
The quokka looks even sicker.
You kill the quokka!
MP[-1]
You lost 1 mp, and now have 0/5 mp.
You are out of magic!
You now have 47 gold pieces (gained 5).
You see here 3 poisoned darts {throwing}.
You now have 59 gold pieces (gained 12).
Found a stone staircase leading down.
HP[+1] MP[+5]
Your hp is fully restored (17).
Your mp is fully restored (5).
i - a dark potion
j - a scroll labelled GUIXTI FIATUIR
There is a stone staircase leading down here.
Done exploring.
Done exploring.
Done exploring.
Done exploring.
(D) Dungeon
Where to? (? - help)
There is a stone staircase leading down here.
You climb downwards.
Found four items.
Found a stone staircase leading down.
There is a stone staircase leading up here.
There are monsters nearby!
The hobgoblin shouts!
The sting misses the bat.
The sting hits the hobgoblin.
The hobgoblin is poisoned.
The bat barely misses you.
MP[-1]
You lost 1 mp, and now have 4/5 mp.
The sting hits the hobgoblin.
The hobgoblin looks even sicker.
You kill the hobgoblin!
The bat hits you.
HP[-1] MP[-1]
You take 1 damage, and now have 16/17 hp.
You lost 1 mp, and now have 3/5 mp.
There is a stone staircase leading up here.
The bat misses you.
HP[+1]
Your hp is fully restored (17).
Casting: Sting (safe; 2% risk of failure)
Confirm with . or Enter, or press ? or * to list all spells.
You don't know that spell.
You hit the giant cockroach. Your grab misses the giant cockroach.
The bat hits you. The giant cockroach bites you.
HP[-3]
You take 3 damage, and now have 14/17 hp.
You hit the giant cockroach but do no damage.
You grab the giant cockroach.
You constrict the giant cockroach, but do no damage.
The bat closely misses you.
The giant cockroach bites you but does no damage.
The giant cockroach closely misses you.
You release your grip on the giant cockroach.
The bat misses you. The giant cockroach bites you.
You see here a sapphire potion.
HP[-1]
You take 1 damage, and now have 13/17 hp.
The bat completely misses you. The giant cockroach barely misses you.
There is a stone staircase leading up here.
The giant cockroach bites you but does no damage.
You climb upwards.
There is a stone staircase leading down here.
MP[+1]
You hit the giant cockroach but do no damage.
You grab the giant cockroach.
You constrict the giant cockroach, but do no damage.
The giant cockroach bites you.
The giant cockroach bites you but does no damage.
HP[-1]
You take 1 damage, and now have 12/17 hp.
You hit the giant cockroach but do no damage.
You squeeze the giant cockroach.
You kill the giant cockroach!
No target in view!
No target in view!
No target in view!
No target in view!
No target in view!
No target in view!
No target in view!
No target in view!
No target in view!
Done exploring.
HP[+5] MP[+1]
Your hp is fully restored (17).
Your mp is fully restored (5).
You climb downwards.
The bat closely misses you. The bat completely misses you. The worm misses you.
The worm bites you!
There is a stone staircase leading up here.
HP[-7]
You take 7 damage, and now have 10/17 hp.
MASSIVE DAMAGE!! (PAUSE)
You climb upwards.
There is a stone staircase leading down here.
You hit the worm. You grab the worm. You squeeze the worm, but do no damage.
You constrict the worm. The worm closely misses you. x2
You hit the worm. You squeeze the worm! You constrict the worm.
The worm bites you!
Ouch! That really hurt!
You die...

Skill      XL: |  1  2 |
---------------+-------+-----
Stealth        | 3 |  3.6
Poison Magic   | 4 |  4.1
Dodging        | |  2.0
Spellcasting   | |  2.0
Transmutations | |  1.0

Action                   || total
-------------------------++-------
Melee: Unarmed           ||     5
       Constrict         ||     6
       Club              ||     8
       Tentacles         ||     3
 Cast: Sting             ||    18
Armor: Skin              ||     4
Dodge: Dodged            ||    20

Levels and vault maps discovered:
D:1:      eino_arrival_druids_welcome, layout_loops_cross
D:2:      layout_rooms, shapermc_ecumenical_altar_mp_vishouse,
          minmay_split_cup_small, uniq_sigmund

Notes
Turn   | Place    | Note
-------+----------+-------------------------------------------
     0 | D:1      | zeratav the Octopode Venom Mage began the quest for the
                  | Orb.
     0 | D:1      | Reached XP level 1. HP: 11/11 MP: 3/3
     0 | D:1      | magus.rc [v1.9.6]
   169 | D:1      | You pick up a book of Alchemy and begin reading...
   169 | D:1      | You add the spells Sublimation of Blood, Petrify and
                  | Irradiate to your library.
   207 | D:1      | Reached skill level 3 in Stealth
   278 | D:1      | Reached XP level 2. HP: 17/17 MP: 3/5
   315 | D:1      | Reached skill level 4 in Poison Magic
   912 | D:1      | Slain by a worm

Vanquished Creatures
  A giant cockroach (D:1)
  A goblin (D:1)
  3 hobgoblins
  A quokka (D:1)
  2 ball pythons (D:1)
  2 bats (D:1)
  2 frilled lizards (D:1)
  3 rats (D:1)
15 creatures vanquished.

Table legend:
 A = Non-vault XP
 B = Vault XP
 C = Vault XP percentage of total XP
 D = Non-vault monster count
 E = Vault monster count
 F = Vault count percentage of total count
                 A         B        C        D         E       F
            +---------+---------+-------+---------+---------+-------
      Total |      21 |       0 |   0.0 |      15 |       0 |   0.0
            +---------+---------+-------+---------+---------+-------
        D:1 |      19 |       0 |   0.0 |      14 |       0 |   0.0
        D:2 |       2 |       0 |   0.0 |       1 |       0 |   0.0
            +---------+---------+-------+---------+---------+-------

Illustrated notes

Table legend:
 A = Kills in this place as a percentage of kills in entire the game.
 B = Kills by you in this place as a percentage of kills by you in the entire game.
 C = Kills by friends in this place as a percentage of kills by friends in the entire game.
 D = Other kills in this place as a percentage of other kills in the entire game.
 E = Experience gained in this place as a percentage of experience gained in the entire game.
 F = Experience gained in this place divided by the number of levels of this place that you have seen.
                   A       B       C       D       E      F
               +-------+-------+-------+-------+-------+----------------------
         Total | 100.0 | 100.0 |   N/A |   N/A | 100.0 |  10.5
       Dungeon | 100.0 | 100.0 |   N/A |   N/A | 100.0 |  10.5
               +-------+-------+-------+-------+-------+----------------------

Table legend: (Time is in decaauts)
 A = Elapsed time spent in this place.
 B = Non-inter-level travel time spent in this place.
 C = Inter-level travel time spent in this place.
 D = Time resting spent in this place.
 E = Time spent auto-exploring this place.
 F = Levels seen in this place.
 G = Mean time per level.
                   A        B        C        D        E       F      G
               +--------+--------+--------+--------+--------+-----+--------+
         Total |    914 |    895 |     19 |      0 |    794 |   2 |  457.0 |
       Dungeon |    914 |    895 |     19 |      0 |    794 |   2 |  457.0 |
               +--------+--------+--------+--------+--------+-----+--------+

Top non-repeatable levels by time:
     D:1: 900 daAuts
     D:2: 13 daAuts
